 Dungeon Crawl Stone Soup version 0.30-a0-1075-gcd70e7a56d (webtiles) character file.

Game seed: 11575140552162575206

2301 mandoloar the Insei (level 9, -2/59 HPs)
             Began as an Octopode Transmuter on Apr 15, 2023.
             Was an Elder of Cheibriados.
             Engulfed by a steam dragon's steam (9 damage)
             ... on level 7 of the Dungeon.
             The game lasted 00:21:46 (7657 turns).

mandoloar the Insei (Octopode Transmuter)           Turns: 7657, Time: 00:21:46

Health: -2/59      AC:  5    Str: 18    XL:     9   Next: 40%
Magic:  15/15      EV: 21    Int: 40    God:    Cheibriados [****..]
Gold:   428        SH:  0    Dex: 22    Spells: 10/17 levels left

rFire   . . .      SeeInvis +      - Unarmed
rCold   + . .      Faith    .    (no shield)
rNeg    . . .      Spirit   .    (helmet restricted)
rPois   +          Reflect  .    j - amulet of magic regeneration
rElec   +          Rampage  .    g - ring of see invisible
rCorr   +                        l - +5 ring of evasion
Will    +....                    o - ring of the Scarab {rPois Int+6 SInv}
Stlth   ++++                     n - +4 ring of protection
HPRegen 0.29/turn                p - ring of flight
MPRegen 0.54/turn                w - ring of protection from cold
                                 y - ring of Noim Barch {rElec rCorr Int+6}
                                 C - ring of willpower

@: flying, very slow
A: almost no armour, amphibious, 8 rings, camouflage 1, gelatinous body 1,
(nimble swimmer 1), tentacles
a: Renounce Religion, Bend Time, Temporal Distortion, Slouch


You were on level 7 of the Dungeon.
You worshipped Cheibriados.
Cheibriados was greatly pleased with you.
You visited 2 branches of the dungeon, and saw 8 of its levels.

You collected 428 gold pieces.

Inventory:

Hand Weapons
 a - a +0 sling of electrocution
Missiles
 f - 6 poisoned darts
 s - 20 stones
 u - 2 javelins
Armour
 D - a +0 buckler
Jewellery
 g - a ring of see invisible (left tentacle)
 j - an amulet of magic regeneration (around mantle)
 l - a +5 ring of evasion (right tentacle)
 n - a +4 ring of protection (on tentacle)
 o - the ring of the Scarab (on tentacle) {rPois Int+6 SInv}
   (You found it on level 2 of the Dungeon)

   [ring of see invisible]

   Int:       It affects your intelligence (+6).
   rPois:     It protects you from poison.
   SInv:      It lets you see invisible.
 p - a ring of flight (on tentacle)
 w - a ring of protection from cold (on tentacle)
 y - the ring of Noim Barch (on tentacle) {rElec rCorr Int+6}
   (You found it on level 5 of the Dungeon)

   [ring of intelligence]

   Int:       It affects your intelligence (+6).
   rElec:     It insulates you from electricity.
   rCorr:     It protects you from acid and corrosion.
 C - a ring of willpower (on tentacle)
Wands
 x - a wand of charming (8)
 B - a wand of mindburst (2)
 G - a wand of flame (11)
Scrolls
 z - a scroll of vulnerability
 A - 2 scrolls of enchant armour
 E - a scroll of brand weapon {unknown}
 F - a scroll of butterflies {unknown}
Potions
 b - 3 potions of heal wounds {unknown}
 c - a potion of brilliance {unknown}
 d - 2 potions of mutation {unknown}
 e - 2 potions of ambrosia
 h - a potion of attraction {unknown}
 i - 3 potions of flight {unknown}
 k - 2 potions of might {unknown}
 m - 3 potions of curing
 q - a potion of invisibility {unknown}
 t - 3 potions of degeneration {unknown}
 v - 4 potions of lignification


   Skills:
 + Level 4.4 Fighting
 + Level 4.7 Dodging
 - Level 4.0 Stealth
 + Level 5.4 Unarmed Combat
 + Level 4.6 Spellcasting
 + Level 4.9 Transmutations
 + Level 4.3 Ice Magic
 + Level 4.2 Invocations


You had 10 spell levels left.
You knew the following spells:

 Your Spells              Type           Power      Damage    Failure   Level
a - Beastly Appendage     Tmut           96%        N/A       1%          1
b - Wereblood             Tmut           48%        N/A       1%          2
c - Ice Form              Ice/Tmut       46%        N/A       4%          4

Your spell library contained the following spells:

 Spells                   Type           Power      Damage    Failure   Level
 Necrotise                Necr           36%        1d5       3%          1
 Spider Form              Tmut/Pois      29%        N/A       3%          3
 Dazzling Flash           Conj/Hex       18%        N/A       10%         3
 Agony                    Necr           9%         N/A       65%         5
 Silence                  Hex/Air        4%         N/A       65%         5


Dungeon Overview and Level Annotations

Branches:
Dungeon (7/15)             Temple (1/1) D:5

Altars:
Cheibriados
Dithmenos
Elyvilon
Fedhas
Gozag
Hepliaklqana
Kikubaaqudgha
Makhleb
Nemelex Xobeh
Okawaru
Qazlal
Ru
Sif Muna
Trog
Uskayaw
Vehumet
Wu Jian
Xom
Yredelemnul
Zin
The Shining One

Shops:
D:3 =   D:6 *


Innate Abilities, Weirdness & Mutations

You cannot wear most types of armour.
You are amphibious.
You can wear up to eight rings at the same time.
Your skin changes colour to match your surroundings (Stealth+).
Your rubbery body absorbs attacks. (AC +1, EV +1)
((You are camouflaged when in or above water. (Stealth+)))
You have tentacles for arms and can constrict up to eight enemies at once.


Message History

Your +0 sling of electrocution stops crackling.
You are now empty-tentacled.
A steam dragon is nearby!
Unknown command.
Throw: 8 darts (poison)
Press: ? - help, Shift-Dir - straight line, f - steam dragon
Aim: a steam dragon (asleep, 98% to hit)
You throw a poisoned dart.
The poisoned dart hits the steam dragon.
The steam dragon is poisoned.
The steam dragon hisses angrily.
Unknown command.
The steam dragon breathes steam at you. The ball of steam misses you.
A bullfrog comes into view.
Throw: 7 darts (poison)
Press: ? - help, Shift-Dir - straight line, f/p - steam dragon
Aim: a steam dragon (lightly wounded, poisoned, 65% to hit)
You throw a poisoned dart.
The poisoned dart hits the steam dragon.
The steam dragon is lightly wounded.
The steam dragon breathes steam at you. The ball of steam misses you.
You are engulfed in a cloud of scalding steam.
The steam dragon breathes steam at you. The ball of steam hits you.
You are engulfed in a cloud of scalding steam.
The steam dragon attacks as you move away!
The steam dragon closely misses you. The steam dragon completely misses you.
The steam dragon breathes steam at you. The ball of steam hits you!
The steam dragon breathes steam at you. The ball of steam hits you!
* * * LOW HITPOINT WARNING * * *
Okay, then.
Okay, then.
As you read the scroll of fear, it crumbles to dust.
You assume a fearsome visage.
The steam dragon looks frightened!
You are engulfed in a cloud of scalding steam.
You die...

.## #### ##.............. ..#
##...........^. .+#
##............ ## ####
#........^.... .. #..#
##........†)... ... ##.#
##....##........ ...# ##.###
###.§§..###.......
....#####....###.§§...## ##......
.§..F.##§§§#..#D@......###.......
...D..§§D§###...##......#.....†).
.........## #...#....##...>####<.
#.......## ##...#...####..## #...
#...###..###........# #.## ##.##
#..# ###.##.##....## #.## #.###
... ##...###...# #..####### .#.
####.###.## #.#...###. # ##.####
####....##


You could see a steam dragon (fleeing, catching breath).

Vanquished Creatures
  Maggie (D:6)
  Edmund (D:5)
  Duvessa (D:6)
  4 ogres
  A centaur (D:5)
  A bullfrog (D:5)
  Blork the orc (D:6)
  4 scorpions
  Dowan (D:6)
  5 killer bees
  2 hounds
  Crazy Yiuf (D:6)
  A gnoll bouda (D:5)
  4 orc priests
  An iron imp (D:3)
  2 iguanas
  6 orc wizards
  7 adders
  8 gnolls
  3 white imps
  2 worms
  4 dart slugs
  21 orcs
  6 bats
  10 endoplasms
  12 giant cockroaches
  4 goblins
  3 hobgoblins
  6 jackals
  5 quokkas
  5 ball pythons
  4 frilled lizards
  10 kobolds
  7 rats
154 creatures vanquished.

Vanquished Creatures (others)
  A bullfrog (D:7)
  A fungus (D:6)
2 creatures vanquished.

Grand Total: 156 creatures vanquished

Notes
Turn   | Place    | Note
-------+----------+-------------------------------------------
     0 | D:1      | mandoloar the Octopode Transmuter began the quest for the
                  | Orb.
     0 | D:1      | Reached XP level 1. HP: 13/13 MP: 3/3
   238 | D:1      | Reached XP level 2. HP: 18/18 MP: 3/5
   241 | D:1      | Learned a level 2 spell: Wereblood
   463 | D:1      | Reached skill level 1 in Stealth
   694 | D:1      | Reached XP level 3. HP: 23/23 MP: 2/6
  1422 | D:2      | Reached skill level 1 in Ice Magic
  1787 | D:2      | Identified the ring of the Scarab {rPois Int+6 SInv}
  1965 | D:2      | Reached XP level 4. HP: 28/28 MP: 7/7
  2020 | D:2      | Learned a level 4 spell: Ice Form
  2773 | D:3      | Found Muatoga's One-of-a-Kind Rings.
  2853 | D:3      | Found a snail-covered altar of Cheibriados.
  2865 | D:3      | Reached XP level 5. HP: 30/34 MP: 8/8
  2885 | D:3      | Became a worshipper of Cheibriados the Contemplative
  2943 | D:3      | Found a shimmering blue altar of Sif Muna.
  2984 | D:3      | HP: 1/34 [orc wizard/magic dart (10)]
  4200 | D:3      | Reached XP level 6. HP: 34/39 MP: 10/10
  4242 | D:3      | Got Sif Muna's Teachings on the Crypt
  4372 | D:4      | Reached skill level 1 in Invocations
  4552 | D:4      | Identified a scroll of acquirement
  4552 | D:4      | Acquired a +4 ring of protection
  4631 | D:4      | Reached * piety under Cheibriados
  5223 | D:5      | Entered Level 5 of the Dungeon
  5283 | D:5      | Reached XP level 7. HP: 45/45 MP: 8/11
  5321 | D:5      | Reached skill level 4 in Unarmed Combat
  5414 | D:5      | Found a hide-covered altar of Uskayaw.
  5485 | D:5      | Identified the ring of Noim Barch {rElec rCorr Int+6}
  5504 | D:5      | Found an ornate altar of the Wu Jian Council.
  5546 | D:5      | Reached ** piety under Cheibriados
  5560 | D:5      | Reached XP level 8. HP: 52/52 MP: 13/13
  5704 | D:5      | Found a staircase to the Ecumenical Temple.
  5728 | Temple   | Entered the Ecumenical Temple
  5837 | D:5      | Noticed Edmund
  5855 | D:5      | Killed Edmund
  6013 | D:5      | Found an opulent altar of Gozag.
  6271 | D:6      | Noticed Blork the orc
  6275 | D:6      | Killed Blork the orc
  6464 | D:6      | Noticed Maggie
  6487 | D:6      | Killed Maggie
  6542 | D:6      | Found a runed translucent door.
  6542 | D:6      | Found the +6 shillelagh "Devastator" {shatter}
  6543 | D:6      | Noticed Crazy Yiuf
  6634 | D:6      | Found Xisi's Assorted Antiques.
  6641 | D:6      | Reached skill level 5 in Unarmed Combat
  6730 | D:6      | Reached XP level 9. HP: 58/58 MP: 11/15
  6846 | D:6      | Noticed Duvessa
  6866 | D:6      | Noticed Dowan
  6875 | D:6      | Killed Duvessa
  6880 | D:6      | Killed Dowan
  6898 | D:6      | Found a stormy altar of Qazlal.
  6987 | D:6      | Reached *** piety under Cheibriados
  7143 | D:6      | Killed Crazy Yiuf
  7498 | D:7      | Reached **** piety under Cheibriados
  7657 | D:7      | Engulfed by a steam dragon's steam

Illustrated notes

Levels and vault maps discovered:
D:1:      erik_arrival_blinker_ship, layout_loops_corners
D:2:      layout_basic
D:3:      layout_basic, led_sif_book, slow_altar_1, serial_bayou_pond_d,
          nicolae_shop_unique_rings
D:4:      layout_rooms, nicolae_kite_square_tiling_tiny
D:5:      layout_basic, nicolae_uskayaw_murder_on_the_dancefloor,
          amcnicky_altar_gilded, nicolae_wu_jian_wuxing_cycle,
          minmay_temple_entry_wispy, uniq_edmund
D:6:      layout_rooms, grunt_qazlal_clouds, serial_shops, nicolae_square_shop,
          gup_sewer_entry_spiral, uniq_crazy_yiuf_cottage, uniq_maggie,
          uniq_blork_the_orc, uniq_duvessa
D:7:      layout_layer_cave, grunt_ministairs_4, minmay_holes
Temple:   minmay_freezing_vapour_temple

Skill      XL: |  1  2  3  4  5  6  7  8  9 |
---------------+----------------------------+-----
Stealth        | 1 2 3 4 |  4.0
Ice Magic      | 1 2 3 4 |  4.3
Fighting       | 2 3 4 |  4.4
Spellcasting   | 3 4 |  4.6
Transmutations | 3 4 |  4.9
Invocations    | 1 2 3 4 |  4.2
Dodging        | 3 4 |  4.7
Unarmed Combat | 4 5 |  5.4

Action                     |  1- 3 |  4- 6 |  7- 9 || total
---------------------------+-------+-------+-------++-------
  Melee: Unarmed           |    85 |    95 |   149 ||   329
         Constrict         |    19 |    24 |       ||    43
         Kick              |    24 |    27 |       ||    51
         Tentacles         |    15 |    12 |       ||    27
         Punch             |     2 |     2 |       ||     4
   Fire: Sling             |       |     7 |     1 ||     8
  Throw: Stone             |       |     5 |       ||     5
         Dart              |       |     9 |     2 ||    11
   Cast: Beastly Appendage |    30 |    23 |     1 ||    54
         Wereblood         |     2 |     4 |    14 ||    20
         Ice Form          |       |     6 |    20 ||    26
    Use: Scroll            |       |     8 |     5 ||    13
   Stab: Sleeping          |    12 |     3 |     2 ||    17
 Armour: Skin              |     5 |     6 |    49 ||    60
  Dodge: Dodged            |    61 |    77 |   140 ||   278

Table legend: (Time is in decaauts)
 A = Elapsed time spent in this place.
 B = Non-inter-level travel time spent in this place.
 C = Inter-level travel time spent in this place.
 D = Time resting spent in this place.
 E = Time spent auto-exploring this place.
 F = Levels seen in this place.
 G = Mean time per level.
                   A        B        C        D        E       F      G
               +--------+--------+--------+--------+--------+-----+--------+
         Total |   8926 |   8129 |    797 |   1426 |   5144 |   8 | 1115.8 |
       Dungeon |   8904 |   8113 |    791 |   1426 |   5130 |   7 | 1272.0 |
        Temple |     22 |     16 |      6 |      0 |     14 |   1 |   22.0 |
               +--------+--------+--------+--------+--------+-----+--------+

Top non-repeatable levels by time:
     D:3: 1917 daAuts
     D:5: 1424 daAuts
     D:1: 1405 daAuts
     D:6: 1268 daAuts
     D:2: 1172 daAuts
     D:4: 1145 daAuts
     D:7: 570 daAuts
  Temple: 22 daAuts
